 Dungeon Crawl Stone Soup version 0.25.1-8-g42b30a86e7 (webtiles) character file.

Game seed: 3579147321082645030

600 gruber the Frost Mage (level 7, 46/46 HPs)
             Began as a Demonspawn Ice Elementalist on Dec 21, 2020.
             Quit the game on level 4 of the Dungeon.
             The game lasted 00:04:43 (5312 turns).

gruber the Frost Mage (Demonspawn Ice Elementalist) Turns: 5312, Time: 00:04:44

Health: 46/46      AC:  3    Str:  8    XL:     7   Next: 18%
Magic:  10/10      EV: 12    Int: 18    God:
Gold:   294        SH:  0    Dex: 16    Spells: 6/10 levels left

rFire    + . .     SeeInvis .   t - +1 trident (venom)
rCold    . . .     Gourm    .   (no shield)
rNeg     . . .     Faith    .   a - +0 robe
rPois    .         Spirit   .   k - +0 helmet
rElec    .         Reflect  .   (no cloak)
rCorr    .         Harm     .   (no gloves)
MR       .....                  (no boots)
Stlth    ++........             (no amulet)
HPRegen  0.15/turn              (no ring)
MPRegen  0.12/turn              (no ring)

@: no status effects
A: talons 1, thin skeletal structure 1, fire resistance 1, powered by death 1
a: no special abilities


You were on level 4 of the Dungeon.
You were not hungry.

You visited 1 branch of the dungeon, and saw 4 of its levels.

You collected 294 gold pieces.

Inventory:

Hand Weapons
 p - a +2 vorpal flail
 t - a +1 trident of venom (weapon)
Armour
 a - a +0 robe (worn)
 k - a +0 helmet (worn)
Jewellery
 l - a +4 ring of slaying {unknown}
 r - an uncursed ring of poison resistance {unknown}
Scrolls
 b - a scroll of identify {unknown}
 e - a scroll of random uselessness {unknown}
 f - 3 scrolls of remove curse {unknown}
 g - 2 scrolls of immolation {unknown}
 i - a scroll of fear {unknown}
 m - 2 scrolls of enchant weapon {unknown}
 s - 2 scrolls of amnesia {unknown}
Potions
 d - 3 potions of resistance {unknown}
 h - 2 potions of degeneration {unknown}
 j - 3 potions of mutation {unknown}
 n - a potion of might
 o - 2 potions of magic {unknown}
 q - a potion of curing {unknown}
 u - a potion of brilliance {unknown}
Comestibles
 c - 5 rations
 v - 12 chunks of flesh


   Skills:
 - Level 1.7 Dodging
 - Level 1.7 Stealth
 - Level 2.0 Spellcasting
 + Level 8.0 Ice Magic


You had 6 spell levels left.
You knew the following spells:

 Your Spells              Type           Power        Failure   Level  Hunger
a - Freeze                Ice            ####         1%          1    #......
b - Frozen Ramparts       Ice            ####..       1%          3    ###....

Your spell library contained the following spells:

 Spells                   Type           Power        Failure   Level  Hunger
 Ensorcelled Hibernation  Hex/Ice        ###...       5%          2    ###....
 Ozocubu's Armour         Chrm/Ice       ###.....     11%         3    ###....
 Hailstorm                Conj/Ice       ###.....     34%         4    #####..
 Summon Ice Beast         Ice/Summ       ###.....     34%         4    #####..
 Borgnjor's Vile Clutch   Necr/Erth      #.........   99%         5    ######.
 Silence                  Hex/Air        #.........   99%         5    ######.
 Darkness                 Hex            #.........   100%        6    #######
 Shadow Creatures         Summ           N/A          100%        6    #######


Dungeon Overview and Level Annotations

Branches:
Dungeon (4/15)
 Temple: D:4-7

Altars:
Gozag
Kikubaaqudgha
Yredelemnul
The Shining One

Shops:
D:2 *


Innate Abilities, Weirdness & Mutations

You have sharp toenails.
You have a somewhat thin skeletal structure. (Dex +2, Stealth)
Your flesh is heat resistant. (rF+)
You regenerate a little health from kills.


Message History

Things that are here:
a +0 whip; a +0 chain mail; an orc skeleton
Found 16 stones.
No target in view!
You see here 16 stones.
You see here a +0 giant spiked club.
You see here 15 arrows.
There is a stone staircase leading down here.
You see here a dagger.
Done exploring.
No target in view!
Done exploring.
No target in view!
Done exploring.
No target in view!
Done exploring.
No target in view!
Done exploring.
Done exploring.
Are you sure you want to abandon this character and quit the game? (Confirm with "yes".)

..# #.# #.#.# .## #.#
#.#.# ## #.# #.#.#
############.# #.#.#
#............# #.#.#
#.############ #.#.#
#.########### #.#.#
#.##........# #.#.#
#.##.######@# #.#.# #.##.#
#.# #.#.# #.##.# #.# #...#
#.##)# #.# #..##
######....#### #.####..###
#............# #.........#
#.######..##.# ######..#.#
#.# ##..##.## #..#.#
#.#####...#.#.#######..#.#


There were no monsters in sight!

Vanquished Creatures
  An ogre (D:4)
  3 orc priests (D:4)
  A hound (D:4)
  Natasha (thrice) (D:4)
  2 worker ants (D:4)
  A hound skeleton (D:4)
  Robin (D:4)
  4 gnolls (D:3)
  7 adders
  2 river rats (D:3)
  2 oozes
  6 worms
  4 dart slugs
  2 leopard geckos (D:3)
  17 orcs
  6 bats
  6 giant cockroaches
  5 goblins
  10 hobgoblins
  5 jackals (D:4)
  A quokka (D:3)
  2 ball pythons
  5 frilled lizards
  2 kobolds (D:2)
  2 leopard gecko skeletons (D:4)
  9 rats
109 creatures vanquished.

Notes
Turn   | Place    | Note
-------+----------+-------------------------------------------
     0 | D:1      | gruber the Demonspawn Ice Elementalist began the quest for
                  | the Orb.
     0 | D:1      | Reached XP level 1. HP: 13/13 MP: 3/3
   237 | D:1      | Reached skill level 4 in Ice Magic
   265 | D:1      | Gained mutation: You regenerate a little health from kills.
                  | [demonic ancestry]
   265 | D:1      | Reached XP level 2. HP: 8/19 MP: 0/5
  1131 | D:2      | Reached XP level 3. HP: 14/24 MP: 3/6
  1183 | D:2      | Learned a level 3 spell: Frozen Ramparts
  2104 | D:2      | Found an opulent altar of Gozag.
  2104 | D:2      | Found Gozag's Platinum Reserve.
  2248 | D:2      | Reached skill level 5 in Ice Magic
  2491 | D:3      | Gained mutation: You have a somewhat thin skeletal
                  | structure. (Dex +2, Stealth) [demonic ancestry]
  2491 | D:3      | Reached XP level 4. HP: 30/30 MP: 2/7
  2937 | D:3      | Found an ancient bone altar of Kikubaaqudgha.
  2938 | D:3      | Found a basalt altar of Yredelemnul.
  2938 | D:3      | Found a glowing golden altar of the Shining One.
  3325 | D:3      | Gained mutation: Your flesh is heat resistant. (rF+)
                  | [demonic ancestry]
  3325 | D:3      | Reached XP level 5. HP: 28/35 MP: 4/8
  3405 | D:3      | Reached skill level 6 in Ice Magic
  4177 | D:4      | Reached XP level 6. HP: 41/41 MP: 3/9
  4271 | D:4      | Reached skill level 7 in Ice Magic
  4501 | D:4      | Noticed Natasha
  4506 | D:4      | Killed Natasha
  4688 | D:4      | Noticed Robin
  4692 | D:4      | Killed Robin
  4929 | D:4      | Gained mutation: You have sharp toenails. [demonic
                  | ancestry]
  4929 | D:4      | Reached XP level 7. HP: 46/46 MP: 10/10
  5024 | D:4      | Noticed Natasha
  5038 | D:4      | Killed Natasha
  5129 | D:4      | Noticed Natasha
  5136 | D:4      | Killed Natasha
  5182 | D:4      | Reached skill level 8 in Ice Magic
  5312 | D:4      | Quit the game

Illustrated notes

Levels and vault maps discovered:
D:1:      dpeg_arrival_lava_altar, layout_basic, serial_rivers,
          chequers_serial_rivers_marsh, chequers_serial_rivers_micro_a,
          chequers_serial_rivers_micro_b, chequers_serial_rivers_micro_a,
          chequers_serial_rivers_micro_c
D:2:      layout_loops_ring, nicolae_gozag_zags_fifth_avenue
D:3:      layout_basic, gammafunk_temple_overflow_claw,
          lightli_sewer_entry_pipes, minmay_quadrilaterals
D:4:      layout_loops_ring, chequers_avenue, uniq_robin, uniq_natasha

Skill      XL: |  1  2  3  4  5  6  7 |
---------------+----------------------+-----
Ice Magic      | 4 5 6 7 8 |  8.0
Dodging        | |  1.7
Stealth        | |  1.7
Spellcasting   | |  2.0

Action                   |  1- 3 |  4- 6 |  7- 9 || total
-------------------------+-------+-------+-------++-------
Melee: Unarmed           |    47 |     8 |       ||    55
       Flail             |       |    47 |       ||    47
       Trident           |       |    32 |    23 ||    55
       Kick              |       |       |     7 ||     7
 Cast: Freeze            |    38 |     6 |       ||    44
       Frozen Ramparts   |    11 |    18 |     1 ||    30
 Stab: Sleeping          |       |     4 |     2 ||     6
  Eat: Chunk             |     7 |    10 |     1 ||    18
Armor: Robe              |    12 |    19 |     4 ||    35
Dodge: Dodged            |    42 |    51 |     5 ||    98
